 Dungeon Crawl Stone Soup version 0.30.1-11-g7821555f0a (webtiles) character file.

Game seed: 887624013427684406

410 RancidPinata the Cudgeller (level 6, 0/39 HPs)
             Began as a Gargoyle Gladiator on Dec 19, 2023.
             Slain by a mummy (10 damage)
             ... in an ossuary.
             The game lasted 00:15:08 (2803 turns).

RancidPinata the Cudgeller (Gargoyle Gladiator)     Turns: 2803, Time: 00:15:08

Health: 0/39       AC: 13    Str: 23    XL:     6   Next: 89%
Magic:  6/6        EV: 11    Int: 11    God:
Gold:   182        SH:  0    Dex: 11    Spells: 5/5 levels left

rFire   . . .        a - +0 flail
rCold   . . .        (no shield)
rNeg    + . .        h - +0 ring mail
rPois   ∞            p - +2 helmet
rElec   +            (no cloak)
rCorr   .            (no gloves)
SInv    .            (no boots)
Will    .....        (no amulet)
Stlth   +            o - +6 ring of strength
HPRegen 0.26/turn    (no ring)
MPRegen 0.10/turn

%: no passive effects
@: no status effects
A: sickness immunity, AC +4, negative energy resistance 1, electricity
resistance, torment resistance 1, petrification resistance
a: no special abilities


You were in an ossuary.
You visited 1 branch of the dungeon, and saw 7 of its levels.
You also visited: Ossuary.

You collected 182 gold pieces.

Inventory:

Hand Weapons
 a - a +0 flail (weapon)
Missiles
 e - a javelin (quivered)
 g - 59 stones
Armour
 h - a +0 ring mail (worn)
 p - a +2 helmet (worn)
Jewellery
 o - a +6 ring of strength (left hand)
Wands
 r - a wand of roots (8)
Scrolls
 f - 2 scrolls of fog {unknown}
 i - 2 scrolls of identify {unknown}
 j - a scroll of vulnerability {unknown}
 m - a scroll of immolation {unknown}
 n - a scroll of enchant weapon {unknown}
 q - a scroll of fear {unknown}
Potions
 b - a potion of heal wounds {unknown}
 c - a potion of might {unknown}
 k - 2 potions of lignification {unknown}
 l - a potion of mutation {unknown}
 s - 2 potions of ambrosia {unknown}


   Skills:
 * Level 4.4 Fighting
 * Level 4.7 Maces & Flails
 + Level 2.8 Throwing
 + Level 2.5 Armour
 - Level 2.4 Dodging
 + Level 2.9 Stealth


You had 5 spell levels left.
You didn't know any spells.
Your spell library contained the following spells:

 Spells                   Type           Power      Damage    Failure   Level
 Hailstorm                Conj/Ice       0%         3d3       86%         3
 Ice Form                 Ice/Tmut       0%         N/A       99%         4
 Simulacrum               Ice/Necr       0%         N/A       100%        6


Dungeon Overview and Level Annotations

Branches:
Dungeon (7/15)             Temple (0/1) D:5         Ossuary (1/1)

Altars:


Innate Abilities, Weirdness & Mutations

You are immune to sickness and miasma.
Your stone body is resilient. (AC +4)
You are immune to poison.
You resist negative energy. (rN+)
You are resistant to electric shocks. (rElec)
You are resistant to unholy torment.
You are immune to petrification.


Message History

You destroy the orc zombie! 2 mummies come into view.
The hobgoblin zombie closely misses you.
You hit the hobgoblin zombie.
The hobgoblin zombie is lightly damaged.
The hobgoblin zombie hits you but does no damage.
You hit the hobgoblin zombie.
The hobgoblin zombie is moderately damaged.
A hobgoblin zombie comes into view.
The hobgoblin zombie hits you but does no damage.
You thump the hobgoblin zombie!
You destroy the hobgoblin zombie!
You hit the mummy but do no damage.
A kobold zombie comes into view.
The mummy hits you.
You sock the mummy!
The mummy is severely damaged.
The mummy closely misses you.
You sock the mummy!
You destroy the mummy!
The orc zombie hits you but does no damage.
The mummy hits you.
An orc zombie comes into view.
The orc zombie hits you but does no damage.
An orc zombie comes into view.
The mummy closely misses you.
You sock the mummy!
The mummy is heavily damaged.
The mummy closely misses you.
The orc zombie hits you but does no damage.
The hobgoblin zombie hits you but does no damage.
The mummy hits you!
* * * LOW HITPOINT WARNING * * *
The orc zombie barely misses you.
You thump the orc zombie!
You destroy the orc zombie!
You barely miss the hobgoblin zombie.
The hobgoblin zombie hits you but does no damage.
The mummy hits you!
You die...

.Z...........
............
...........
........#
......#
#Z...# #MZ..#
#MZM.# #@...#
#....# #....#
#....# #....#
#.∩∩.# ######


You could see 3 mummies, a hobgoblin zombie, a kobold zombie and an orc zombie.

Vanquished Creatures
  Grinder (D:3)
  A centaur (D:5)
  Terence (D:2)
  A mummy (Ossuary)
  3 adders
  An ufetubus (D:5)
  2 worms (D:2)
  A dart slug (D:1)
  3 ball pythons
  5 endoplasms
  4 giant cockroaches
  6 goblins
  5 hobgoblins
  4 jackals (D:3)
  15 kobolds
  3 quokkas
  4 bats
  3 frilled lizards
  A gnoll zombie (Ossuary)
  A hobgoblin zombie (Ossuary)
  2 orc zombies (Ossuary)
  5 rats
72 creatures vanquished.

Notes
Turn   | Place    | Note
-------+----------+-------------------------------------------
     0 | D:1      | RancidPinata the Gargoyle Gladiator began the quest for the
                  | Orb.
     0 | D:1      | Reached XP level 1. HP: 12/12 MP: 1/1
   212 | D:2      | Reached XP level 2. HP: 13/18 MP: 2/2
   303 | D:2      | Noticed Terence
   338 | D:1      | Reached XP level 3. HP: 22/22 MP: 3/3
   357 | D:1      | Reached skill level 1 in Stealth
   923 | D:1      | Reached skill level 1 in Armour
  1204 | D:3      | Reached XP level 4. HP: 28/28 MP: 4/4
  1320 | D:3      | Noticed Grinder
  1350 | D:3      | Paralysed by Grinder for 2 turns
  1359 | D:3      | Killed Grinder
  1360 | D:3      | Reached XP level 5. HP: 30/33 MP: 5/5
  1360 | D:3      | Reached XP level 6. HP: 34/38 MP: 6/6
  1852 | D:2      | Killed Terence
  1990 | D:2      | Identified the +1 robe "Nodiudiqurr" {Dex+3}
  2103 | D:2      | Found a faded altar of an unknown god.
  2389 | D:4      | You fall into a shaft and drop 2 floors!
  2511 | D:6      | Noticed a black bear
  2526 | D:5      | Entered Level 5 of the Dungeon
  2526 | D:5      | Noticed a black bear
  2577 | D:5      | Noticed an ice beast
  2591 | D:5      | Noticed a steam dragon
  2598 | D:5      | Found a staircase to the Ecumenical Temple.
  2756 | D:5      | Found a sand-covered staircase.
  2765 | Ossuary  | Entered an ossuary
  2803 | Ossuary  | Slain by a mummy

Illustrated notes

Levels and vault maps discovered:
D:1:      amcnicky_arrival_single_pillar, layout_loops_ring, minmay_tromino_v7
D:2:      layout_loops_ring, shapermc_ecumenical_altar_pompeii, uniq_terence
D:3:      layout_basic, serial_bayou_pond_d, uniq_grinder
D:4:      minmay_spotlight, layout_rooms, minmay_statues_item
D:5:      layout_basic, minmay_temple_entry_metal_lava,
          lightli_ossuary_entry_decrepit_ruins, minmay_misc_feat_tiny
D:6:      layout_basic, chequers_temple_overflow_statue_of_worship,
          grunt_temple_overflow_order_and_chaos_2, serial_shops,
          kennysheep_little_box
D:7:      layout_basic, general_overflow_altar, ebering_ghost_reflecting_pool
Ossuary:  ossuary_tomb_3

Skill      XL: |  1  2  3  4 |
---------------+-------------+-----
Throwing       | 2 |  2.8
Stealth        | 1 2 |  2.9
Fighting       | 3 4 |  4.4
Armour         | 1 2 |  2.5
Maces & Flails | 4 |  4.7
Dodging        | |  2.4

Action                     |  1- 3 |  4- 6 || total
---------------------------+-------+-------++-------
  Melee: Flail             |   140 |   118 ||   258
         Punch             |       |     1 ||     1
  Throw: Throwing net      |       |     5 ||     5
         Stone             |       |     2 ||     2
  Evoke: Wand              |       |     1 ||     1
 Armour: Leather armour    |    22 |       ||    22
         Ring mail         |    45 |   109 ||   154
  Dodge: Dodged            |   112 |   121 ||   233
